 Dungeon Crawl Stone Soup version 0.31-a0-1159-g800acc2fd1 (webtiles) character file.

Game seed: 11030611284076353914

6150 Malachi the Mimic (level 10, 0/120 HPs)
             Began as a Troll Chaos Knight on Dec 8, 2023.
             Was a Plaything of Xom.
             Slain by a freezing wraith (7 damage)
             ... on level 9 of the Dungeon.
             The game lasted 00:11:34 (6601 turns).

Malachi the Mimic (Troll Chaos Knight)              Turns: 6601, Time: 00:11:35

Health: 0/120      AC: 11    Str: 30    XL:     10   Next: 59%
Magic:  9/9        EV: 10    Int: 12    God:    Xom [..*...]
Gold:   475        SH:  5    Dex: 20    Spells: 9/9 levels left

rFire   . .          .
                       - Unarmed
rCold   . . .        (shield currently unavailable)
rNeg    . . .        k - melded +0 troll leather armour {Pargi}
rPois   +            (helmet currently unavailable)
rElec   .            (cloak currently unavailable)
rCorr   .            (gloves unavailable)
SInv    .            (boots unavailable)
Will    .....        q - amulet of reflection
Stlth   ++           e - +6 ring of dexterity
HPRegen 1.20/turn    m - +6 ring of dexterity
MPRegen 0.11/turn

%: reflection
@: snake-form, slowed, very slow
A: constrict, boosted hp, large, unfitting armour, (claws 3), regeneration 1,
(shaggy fur 1), (tough skin 1), clever 1, (cold resistance 1), screaming 1
a: Begin Untransformation, Renounce Religion


You were on level 9 of the Dungeon.
You worshipped Xom.
You were a toy of Xom.
You were an enormous serpent.
You visited 1 branch of the dungeon, and saw 9 of its levels.

You collected 475 gold pieces.

Inventory:

Hand Weapons
 a - a +0 mace of chaos
 l - a +3 quarterstaff of chaos
 z - a +5 dagger
Missiles
 t - a throwing net
Armour
 b - the +0 robe of the Iron City of Dis {-Tele rPois rF+ Int+7}
   (You found it on level 8 of the Dungeon)

   Int+7:     It affects your intelligence (+7).
   rF+:       It protects you from fire.
   rPois:     It protects you from poison -Tele: It prevents most forms of
   teleportation.
 k - a +0 troll leather armour (melded) {Pargi}
Jewellery
 e - a +6 ring of dexterity (left hand)
 m - a +6 ring of dexterity (right hand)
 q - an amulet of reflection (around neck)
Talismans
 f - a serpent talisman (active)
Wands
 r - a wand of polymorph (4)
 y - a wand of iceblast (11)
Scrolls
 c - a scroll of butterflies
 d - a scroll of blinking
 h - a scroll of brand weapon
 j - 5 scrolls of teleportation
 o - a scroll of fear
 w - 2 scrolls of poison
 A - a scroll of amnesia
Potions
 g - 7 potions of curing
 i - 5 potions of heal wounds
 n - 2 potions of attraction
 p - 2 potions of enlightenment {unknown}
 s - a potion of invisibility
 u - a potion of degeneration {unknown}
 v - 4 potions of haste {unknown}
 x - a potion of resistance {unknown}
 B - a potion of might {unknown}
 C - a potion of berserk rage {unknown}


   Skills:
 + Level 6.3 Fighting
 - Level 3.0 Maces & Flails
 - Level 2.0 Dodging
 + Level 6.5 Unarmed Combat
 + Level 13.2 Shapeshifting


You had 9 spell levels left.
You didn't know any spells.
Your spell library contained the following spells:

 Spells                   Type           Power      Damage    Failure   Level
 Apportation              Tloc           0%         N/A       32%         1
 Freeze                   Ice            0%         1d3       32%         1
 Necrotise                Necr           0%         1d4       32%         1
 Summon Small Mammal      Summ           0%         N/A       32%         1
 Frozen Ramparts          Ice            0%         1d1       69%         3
 Hailstorm                Conj/Ice       0%         3d5       69%         3


Dungeon Overview and Level Annotations

Branches:
Dungeon (9/15)             Temple (0/1) D:5             Orc (0/2) D:9
   Lair: D:8-11

Altars:
Dithmenos
Gozag
Kikubaaqudgha
Makhleb
Okawaru
Ru
Vehumet

Shops:
D:2 [   D:3 =   D:4 *

Annotations:
D:4 2 transporters


Innate Abilities, Weirdness & Mutations

You are an enormous serpent.
You have a powerful constriction melee attack.
Your maximum health is increased.
Your armour is entirely melded.
You are incapable of wielding weapons or throwing items.
You are too large for most types of armour.
((You have claws for hands.))
Your natural rate of healing is unusually fast.
((You are covered in fur. (AC +1)))
((You have tough skin. (AC +1)))
Your mind is acute. (Int +4, Str/Dex -1)
((Your flesh is cold resistant. (rC+)))
You occasionally shout uncontrollably at your foes.


Message History

The orc wizard misses you. The freezing wraith hits you.
The freezing wraith freezes you!
You feel yourself slow down.
The freezing wraith completely misses you.
Unknown command.
You body-slam the freezing wraith!!
The freezing wraith is heavily damaged.
The freezing wraith hits you but does no damage.
The freezing wraith hits you. The orc hits you but does no damage.
The orc hits you with a +0 morningstar!
The orc wizard hits you but does no damage.
Unknown command.
You are too injured to fight recklessly!
Unknown command.
You are too injured to fight recklessly!
Unknown command.
You are too injured to fight recklessly!
Unknown command.
You are too injured to fight recklessly!
You are too injured to fight recklessly!
Unknown command.
You lash the freezing wraith!
The freezing wraith is severely damaged.
You feel yourself speed up. The orc closely misses you.
You block the orc's attack. The orc wizard casts a spell at you.
The magic dart hits you. The freezing wraith hits you.
You emit a cloud of colourful smoke!
The freezing wraith freezes you!!
* * * LOW HITPOINT WARNING * * *
The freezing wraith misses you.
You lash the freezing wraith!
The freezing wraith is severely damaged.
The orc closely misses you. The orc barely misses you.
You block the orc wizard's attack. The freezing wraith hits you.
* * * LOW HITPOINT WARNING * * *
The freezing wraith freezes you!
You feel yourself slow down.
* * * LOW HITPOINT WARNING * * *
The freezing wraith hits you!
You die...
Xom cackles wildly!

.## ..# ..# ..#
..######################
#......................#
######################.#
.. ......ยงยงยง.....# #.
......oS##.##.#
....##oWo..##... ..
....##.####...
..##..#..# .### #.
#..##..# # .. #.. ...# .
..# ...# #..


You could see a freezing wraith, an orc wizard and 2 orcs.

Vanquished Creatures
  A two-headed ogre (D:8)
  An ugly thing (D:9)
  Maurice (D:7)
  Psyche (D:9)
  A tengu conjurer (D:9)
  Prince Ribbit (D:8)
  Sigmund (D:3)
  Eustachio (D:6)
  A steam dragon (D:8)
  Edmund (D:5)
  Duvessa (D:6)
  4 water moccasins
  An orc warrior (D:8)
  2 sky beasts
  Pargi (D:3)
  3 ice beasts
  2 black bears
  3 ogres
  A centaur (D:6)
  3 lemures (D:6)
  2 kobold brigands
  3 bullfrogs
  A gnoll sergeant (D:5)
  2 scorpions (D:4)
  3 wights (D:4)
  Dowan (D:6)
  4 killer bees (D:8)
  2 hounds
  2 jellies
  2 orc priests
  Crazy Yiuf (D:2)
  2 gnoll boudas
  3 iguanas
  2 orc wizards
  17 gnolls
  7 adders
  A white imp (D:8)
  A worm (D:4)
  7 dart slugs
  30 orcs
  4 bats
  6 endoplasms
  2 giant cockroaches
  8 goblins
  4 hobgoblins
  17 kobolds
  7 quokkas
  6 ball pythons
  4 frilled lizards
  3 rats (D:1)
185 creatures vanquished.

Vanquished Creatures (collateral kills)
  A hound (D:7)
  An adder (D:2)
2 creatures vanquished.

Grand Total: 187 creatures vanquished

Notes
Turn   | Place    | Note
-------+----------+-------------------------------------------
     0 | D:1      | Malachi the Troll Chaos Knight began the quest for the Orb.
     0 | D:1      | Reached XP level 1. HP: 22/22 MP: 0/0
   110 | D:1      | Reached XP level 2. HP: 29/29 MP: 1/1
   385 | D:1      | XOM: divination: detect items
   531 | D:1      | XOM: divination: detect items
   789 | D:2      | XOM: noise
   852 | D:2      | Reached skill level 1 in Shapeshifting
   852 | D:2      | Reached XP level 3. HP: 36/36 MP: 2/2
   931 | D:2      | XOM: 3-stop teleportation journey
   966 | D:2      | Reached skill level 1 in Unarmed Combat
   966 | D:2      | XOM: summons 3 friendly demons
  1392 | D:2      | Found a runed translucent door.
  1393 | D:2      | Noticed Crazy Yiuf
  1455 | D:2      | Found Letif's Armour Shoppe.
  1552 | D:2      | XOM: silly message
  1558 | D:2      | Killed Crazy Yiuf
  1559 | D:2      | Reached skill level 2 in Shapeshifting
  1559 | D:2      | Reached XP level 4. HP: 4/45 MP: 3/3
  1681 | D:3      | Noticed Sigmund
  1691 | D:3      | Killed Sigmund
  1692 | D:3      | Reached skill level 3 in Shapeshifting
  1692 | D:3      | Reached XP level 5. HP: 46/53 MP: 4/4
  1694 | D:3      | Reached XP level 6. HP: 53/61 MP: 5/5
  1742 | D:3      | Noticed Pargi
  1758 | D:3      | XOM: potion effect (experience)
  1758 | D:3      | Reached skill level 12 in Shapeshifting
  1758 | D:3      | Reached XP level 7. HP: 60/67 MP: 6/6
  1775 | D:3      | Killed Pargi
  1800 | D:3      | XOM: silly message
  1921 | D:3      | XOM: 4-stop teleportation journey
  1953 | D:3      | Found Yvome's Jewellery Shoppe.
  2318 | D:4      | Found a burning altar of Makhleb.
  2383 | D:4      | Reached XP level 8. HP: 78/78 MP: 7/7
  2461 | D:4      | Found a radiant altar of Vehumet.
  2505 | D:4      | Found a transporter.
  2519 | D:4      | Found a sacrificial altar of Ru.
  2529 | D:4      | Found a transporter.
  2531 | D:4      | XOM: silly message
  2563 | D:4      | Found Tawi's Assorted Antiques.
  2583 | D:4      | Found a shadowy altar of Dithmenos.
  2673 | D:4      | Found an iron altar of Okawaru.
  2739 | D:4      | XOM: divination: detect creatures
  2767 | D:5      | Entered Level 5 of the Dungeon
  2775 | D:5      | Found a staircase to the Ecumenical Temple.
  3073 | D:5      | XOM: blink monster(s)
  3075 | D:5      | XOM: silly message
  3142 | D:5      | XOM: cloud trail
  3359 | D:5      | XOM: confuse monster(s)
  3518 | D:5      | Noticed Edmund
  3526 | D:5      | XOM: cast spell 'Summon Mana Viper'
  3530 | D:5      | Killed Edmund
  3531 | D:5      | Reached XP level 9. HP: 85/85 MP: 8/8
  3664 | D:5      | XOM: god gift: 19 gold pieces
  3752 | D:6      | XOM: give mutations
  3752 | D:6      | Gained mutation: Your mind is acute. (Int +4, Str/Dex -1)
                  | [Xom's mischief]
  3752 | D:6      | Gained mutation: Your flesh is cold resistant. (rC+) [Xom's
                  | mischief]
  3752 | D:6      | Gained mutation: You occasionally shout uncontrollably at
                  | your foes. [Xom's mischief]
  3856 | D:6      | XOM: divination: magic mapping
  3905 | D:6      | Noticed Duvessa
  3910 | D:6      | Noticed Dowan
  3912 | D:6      | Killed Duvessa
  3918 | D:6      | Killed Dowan
  3993 | D:6      | Noticed Eustachio
  3999 | D:6      | Killed Eustachio
  4036 | D:6      | Reached skill level 5 in Fighting
  4372 | D:6      | Noticed Pikel
  4377 | D:6      | XOM: summons 4 hostile shadow creatures
  4384 | D:6      | XOM: enchant monster (good)
  4389 | D:6      | Pikel changed into Pikel the adder
  4389 | D:6      | Noticed Pikel
  4389 | D:6      | XOM: polymorph Pikel -> Pikel the adder
  4390 | D:6      | Killed Pikel the adder
  4391 | D:6      | XOM: swap monsters
  4457 | D:6      | Found an opulent altar of Gozag.
  4462 | D:6      | Reached skill level 5 in Unarmed Combat
  4743 | D:7      | XOM: fog
  4813 | D:7      | Noticed Maurice
  4818 | D:7      | XOM: 1-stop teleportation journey
  4839 | D:7      | Killed Maurice
  4866 | D:7      | XOM: god gift: wand of iceblast (8)
  5071 | D:7      | XOM: cloud trail
  5087 | D:7      | XOM: potion effect (haste)
  5566 | D:8      | Noticed a two-headed ogre
  5573 | D:8      | Killed a two-headed ogre
  5574 | D:8      | Reached XP level 10. HP: 72/98 MP: 9/9
  5582 | D:8      | Identified the +0 robe of the Iron City of Dis {-Tele rPois
                  | rF+ Int+7}
  5590 | D:8      | XOM: god gift: wand of polymorph (4)
  5699 | D:8      | XOM: cast spell 'Alistair's Intoxication'
  5705 | D:8      | Reached skill level 13 in Shapeshifting
  5782 | D:8      | XOM: god gift: glowing dagger {god gift}
  5835 | D:8      | XOM: silly message
  5838 | D:8      | XOM: cloud trail
  6093 | D:8      | XOM: silly message
  6182 | D:8      | XOM: cloud trail
  6258 | D:8      | Noticed Prince Ribbit
  6261 | D:8      | XOM: enchant monster (bad)
  6264 | D:8      | Killed Prince Ribbit
  6325 | D:8      | Found an ancient bone altar of Kikubaaqudgha.
  6500 | D:9      | Found a staircase to the Orcish Mines.
  6501 | D:9      | Noticed Psyche
  6510 | D:9      | Killed Psyche
  6517 | D:9      | XOM: noise
  6581 | D:9      | Noticed a purple ugly thing
  6584 | D:9      | XOM: enchant monster (bad)
  6588 | D:9      | Killed a purple ugly thing
  6600 | D:9      | XOM: smoke on damage
  6601 | D:9      | Slain by a freezing wraith

Illustrated notes

Levels and vault maps discovered:
D:1:      ldierk_walled_garden, layout_basic, nicolae_eternal_life
D:2:      layout_loops_ring, serial_shops, shop, uniq_crazy_yiuf_cottage
D:3:      layout_rooms, serial_shops, nicolae_shop_gaudy_bauble,
          kennysheep_another_room, uniq_sigmund, uniq_pargi
D:4:      layout_rooms, nicolae_dithmenos_shadow_blocks, marbit_many_paths,
          mainiacjoe_overflow_big_doors, gammafunk_temple_overflow_arena,
          serial_shops, shop, minmay_diced_spiral
D:5:      layout_loops_corners, minmay_temple_entry_ruins,
          amcnicky_mini_pool_medium, uniq_edmund
D:6:      layout_basic, grunt_gozag_statues, uniq_pikel, uniq_eustachio,
          uniq_duvessa
D:7:      layout_loops_ring, minmay_misc_feat_hallway, minivault_27,
          uniq_maurice
D:8:      nicolae_hitomezashi [nicolae_hito_row, nicolae_hito_row,
          nicolae_hito_row, nicolae_hito_row, nicolae_hito_row,
          nicolae_hito_row, nicolae_hito_row, nicolae_hito_row,
          nicolae_hito_row, nicolae_hito_row, nicolae_hito_row,
          nicolae_hito_row, nicolae_hito_row, nicolae_hito_row,
          nicolae_hito_row, nicolae_hito_row, nicolae_hito_row,
          nicolae_hito_row], layout_loops_ring,
          mainiacjoe_overflow_small_starburst, uniq_prince_ribbit1
D:9:      minmay_tri_box, layout_basic, small_statue_intersection,
          kennysheep_small_spiral, uniq_grum, uniq_psyche

Skill      XL: |  1  2  3  4  5  6  7  8  9 10 |
---------------+-------------------------------+-----
Dodging        | 2 |  2.0
Maces & Flails | 3 |  3.0
Shapeshifting  | 1 2 3 12 13 | 13.2
Fighting       | 3 4 5 6 |  6.3
Unarmed Combat | 1 2 3 4 5 6 |  6.5

Action                     |  1- 3 |  4- 6 |  7- 9 | 10-12 || total
---------------------------+-------+-------+-------+-------++-------
  Melee: Mace              |    21 |       |       |       ||    21
         Unarmed           |    71 |    23 |   268 |    79 ||   441
         Punch             |     2 |     1 |       |       ||     3
         Constrict         |       |       |    69 |    21 ||    90
    Use: Scroll            |       |     4 |     8 |     1 ||    13
         Potion            |       |     1 |       |       ||     1
   Stab: Sleeping          |     3 |       |     6 |       ||     9
         Invisible         |       |     1 |     3 |       ||     4
         Confused          |       |       |     1 |       ||     1
         Paralysed         |       |       |     1 |       ||     1
 Armour: Robe              |    62 |    18 |    26 |       ||   106
         Skin              |       |       |   163 |    88 ||   251
  Dodge: Dodged            |    47 |    19 |   139 |    39 ||   244
  Block: Other             |       |       |    57 |    28 ||    85
         Reflection        |       |       |     2 |       ||     2
   Form: Serpent           |       |       |     1 |       ||     1

Table legend: (Time is in decaauts)
 A = Elapsed time spent in this place.
 B = Non-inter-level travel time spent in this place.
 C = Inter-level travel time spent in this place.
 D = Time resting spent in this place.
 E = Time spent auto-exploring this place.
 F = Levels seen in this place.
 G = Mean time per level.
                   A        B        C        D        E       F      G
               +--------+--------+--------+--------+--------+-----+--------+
         Total |   6563 |   6328 |    235 |    541 |   4626 |   9 |  729.2 |
       Dungeon |   6563 |   6328 |    235 |    541 |   4626 |   9 |  729.2 |
               +--------+--------+--------+--------+--------+-----+--------+

Top non-repeatable levels by time:
     D:6: 1002 daAuts
     D:8: 967 daAuts
     D:5: 954 daAuts
     D:2: 885 daAuts
     D:1: 771 daAuts
     D:7: 767 daAuts
     D:4: 563 daAuts
     D:3: 546 daAuts
     D:9: 104 daAuts
